 Dungeon Crawl Stone Soup version 0.20-a0-1057-g9a88637 (webtiles) character file.

65 MatthieuS the Conjurer (level 3, -5/26 HPs)
             Began as a Draconian Conjurer on Apr 26, 2017.
             Slain by Sigmund
             ... wielding a +0 scythe
              (13 damage)
             ... on level 2 of the Dungeon.
             The game lasted 00:05:31 (2084 turns).

MatthieuS the Conjurer (Draconian Conjurer)         Turns: 2084, Time: 00:05:31

Health: -5/26      AC:  5    Str: 10    XL:     3   Next: 92%
Magic:  1/6        EV: 12    Int: 16    God:
Gold:   115        SH:  0    Dex: 11    Spells: 4/7 levels left

rFire    . . .     SeeInvis .   e - +1 dagger (venom)
rCold    . . .     Gourm    .   (no shield)
rNeg     . . .     Faith    .   (armour unavailable)
rPois    .         Spirit   .   (helmet restricted)
rElec    .         Reflect  .   (no cloak)
rCorr    .         Harm     .   (no gloves)
MR       .....                  (no boots)
Stlth    +.........             (no amulet)
Regen    0.1/turn               (no ring)
MPRegen  0.1/turn               (no ring)

@: confused
A: unfitting armour, cold-blooded, AC +5
a: no special abilities


You were on level 2 of the Dungeon.
You were not hungry.

You visited 1 branch of the dungeon, and saw 2 of its levels.

You collected 115 gold pieces.

Inventory:

Hand Weapons
 e - a +1 dagger of venom (weapon)
Missiles
 f - 15 sling bullets
Scrolls
 d - a scroll of teleportation {unknown}
 g - a scroll of random uselessness {unknown}
 h - a scroll of immolation {unknown}
 j - 4 scrolls of identify {unknown}
Potions
 c - a potion of degeneration {unknown}
 i - a potion of flight {unknown}
Books
 a - a book of Conjurations

   Spells                             Type                      Level
   a - Magic Dart                     Conjuration                  1
   b - Searing Ray                    Conjuration                  2
   c - Dazzling Spray                 Conjuration/Hexes            3
   d - Fulminant Prism                Conjuration/Hexes            4
   e - Force Lance                    Conjuration/Translocation    4
   f - Iskenderun's Mystic Blast      Conjuration                  4
Comestibles
 b - 3 chunks of flesh


   Skills:
 + Level 0.2 Fighting
 * Level 1.5 Short Blades
 - Level 2.0 Dodging
 - Level 2.1 Stealth
 - Level 2.5 Spellcasting
 + Level 4.4 Conjurations


You had 4 spell levels left.
You knew the following spells:

 Your Spells              Type           Power        Failure   Level  Hunger
a - Magic Dart            Conj           ###.         3%          1    #......
b - Searing Ray           Conj           ###...       4%          2    ##.....


Dungeon Overview and Level Annotations

Branches:
Dungeon (2/15)

Altars:
Nemelex Xobeh
Wu Jian

Annotations:
D:2 Sigmund


Innate Abilities, Weirdness & Mutations

Your plain brown scales are hard. (AC +5)
You cannot fit into any form of body armour.
You are cold-blooded and may be slowed by cold attacks.


Message History

You hear some strange, mumbled words.
Something tries to affect you, but you resist.
The searing ray hits something.
Something hits you!
Without enough magic to sustain it, your searing ray dissipates.
Something hits you.
You barely miss something.
Your tail-slap misses something.
Something hits you but does no damage.
You barely miss something.
Your tail-slap misses something.
You hit something but do no damage.
Your tail-slap misses something.
Something hits you but does no damage.
You barely miss something. You tail-slap something. You closely miss something.
You tail-slap something. Something hits you.
You hit something. You tail-slap something.
You hear some strange, mumbled words.
You are confused.
You bump into the rock wall.
Something hits you.
You barely miss something. Something hits you!
Ouch! That really hurt!
You die...

###.......#.##..###
..........#.#...##.
.##.......#........
##.......#........
#
#........####.#.##
#.#........# #....#
#.#.##...### ###..#
#........# ....
###@###### .... #.#
♣♣... #{# ♣♣.♣ #..
♣. .... #....
###... #.## .#


There were no monsters in sight!

Vanquished Creatures
  2 adders (D:2)
  2 worms (D:2)
  A dart slug (D:1)
  2 leopard geckos
  A giant cockroach (D:1)
  5 goblins (D:1)
  4 hobgoblins (D:1)
  4 jackals (D:1)
  3 kobolds (D:1)
  5 bats
  4 frilled lizards (D:1)
  4 rats
37 creatures vanquished.

Notes
Turn   | Place    | Note
-------+----------+-------------------------------------------
     0 | D:1      | MatthieuS the Draconian Conjurer began the quest for the Orb.
     0 | D:1      | Reached XP level 1. HP: 14/14 MP: 3/3
   534 | D:1      | Reached XP level 2. HP: 20/20 MP: 3/5
   606 | D:1      | Learned a level 2 spell: Searing Ray
  1201 | D:1      | Reached XP level 3. HP: 22/26 MP: 6/6
  1666 | D:2      | Found a sparkling altar of Nemelex Xobeh.
  1698 | D:2      | Reached skill level 1 in Short Blades
  1852 | D:2      | Found an ornate altar of the Wu Jian Council.
  2065 | D:2      | Noticed Sigmund
  2084 | D:2      | Slain by Sigmund

Vault maps used:
D:1:      minmay_arrival_doors, serial_co_window_serial, co_window_corner_a,
          co_window_corner_a, co_window_corner_a, co_window_paths_b,
          co_window_corner_a, co_window_broadway_c, co_window_broadway_b,
          co_window_of_opportunity_b, co_window_paths_d, glass_columns_b,
          glass_columns_c, glass_columns_b, glass_columns_c,
          minmay_misc_feat_alley
D:2:      minmay_wonky_spiral, lemuel_crystal_altar, lemuel_round_altar,
          uniq_crazy_yiuf_cottage, uniq_sigmund

Skill      XL: |  1  2  3 |
---------------+----------+-----
Stealth        | 2 |  2.1
Dodging        | 2 |  2.0
Short Blades   | 1 |  1.5
Fighting       | |  0.2
Spellcasting   | |  2.5
Conjurations   | |  4.4

Action                   || total
-------------------------++-------
Melee: Unarmed           ||    19
       Tailslap          ||    14
       Short sword       ||     5
       Dagger            ||    85
 Cast: Magic Dart        ||     9
       Searing Ray       ||     5
 Stab: Sleeping          ||     2
  Eat: Chunk             ||     1
       Bread ration      ||     1
Armor: Skin              ||    23
Dodge: Dodged            ||    60
